 Dungeon Crawl Stone Soup version 0.27.1-34-g3ba077fa99 (webtiles) character file.

Game seed: 8452976831300788091

255 Delamore the Covert (level 6, -3/39 HPs)
             Began as an Octopode Brigand on Jan 16, 2022.
             Succumbed to an orc wizard's poison
             ... on level 3 of the Dungeon.
             The game lasted 00:03:30 (3245 turns).

Delamore the Covert (Octopode Brigand)              Turns: 3245, Time: 00:03:31

Health: -3/39      AC:  3    Str: 10    XL:     6   Next: 15%
Magic:  6/6        EV: 12    Int: 14    God:
Gold:   72         SH:  0    Dex: 15    Spells: 5/5 levels left

rFire    . . .     SeeInvis .   d - +2 dagger (flame)
rCold    . . .     Faith    .   (no shield)
rNeg     . . .     Spirit   .   (helmet restricted)
rPois    +         Reflect  .   (no amulet)
rElec    .         Harm     .   (no ring)
rCorr    .         Rampage  .   (no ring)
Will     .....     Rnd*Rage +   (no ring)
Stlth    +++++.....             (no ring)
HPRegen  0.13/turn              (no ring)
MPRegen  0.10/turn              (no ring)
                                (no ring)
                                (no ring)

@: mighty, lethally poisoned (-3 -> -21), attractive
A: almost no armour, amphibious, 8 rings, camouflage 1, gelatinous body 1,
(nimble swimmer 1), tentacles, iridescent scales 1, berserk 1, poison resistance
a: no special abilities


You were on level 3 of the Dungeon.
You visited 1 branch of the dungeon, and saw 3 of its levels.

You collected 72 gold pieces.

Inventory:

Hand Weapons
 a - a +2 dagger
 d - a +2 dagger of flaming (weapon)
Missiles
 b - 7 poisoned darts (quivered)
 c - 2 curare-tipped darts
Jewellery
 k - an amulet of faith
Scrolls
 e - 2 scrolls of magic mapping
 f - a scroll of noise
 g - a scroll of amnesia
 l - a scroll of identify
Potions
 j - a potion of might


   Skills:
 - Level 2.0 Fighting
 + Level 3.8 Short Blades
 - Level 2.0 Throwing
 - Level 1.0 Dodging
 * Level 8.9 Stealth


You had 5 spell levels left.
You didn't know any spells.
Your spell library contained the following spells:

 Spells                   Type           Power      Damage    Failure   Level
 Summon Guardian Golem    Hex/Summ       0%         N/A       65%         3
 Orb of Destruction       Conj           0%         N/A       100%        7
 Spellforged Servitor     Conj/Summ      0%         N/A       100%        7


Dungeon Overview and Level Annotations

Branches:
Dungeon (3/15)

Altars:
Hepliaklqana
Vehumet

Shops:
D:2 =


Innate Abilities, Weirdness & Mutations

You cannot wear most types of armour.
You are amphibious.
You can wear up to eight rings at the same time.
Your skin changes colour to match your surroundings (Stealth+).
Your rubbery body absorbs attacks. (AC +1, EV +1)
((You are camouflaged near water. (Stealth+)))
You have tentacles for arms and can constrict up to eight enemies at once.
You are partially covered in iridescent scales. (AC +2)
You tend to lose your temper in combat.
Your system is resistant to poisons. (rPois)


Message History

The orc is severely wounded.
The orc hits you but does no damage.
You hit the orc. You burn the orc.
You kill the orc!
You hit the orc but do no damage. You grab the orc.
You constrict the orc, but do no damage.
You barely miss the orc. You constrict the orc. The orc barely misses you.
You hit the orc. You burn the orc.
You kill the orc!
You hear some strange, mumbled words.
A puff of flame appears from out of thin air!
The puff of flame hits you!
No target in view!
No target in view!
Something hits you but does no damage.
Items here: )) [[ †.
You hit something. You burn something. Your squeeze misses something.
Something hits you.
You are poisoned.
You hit something but do no damage. Your squeeze misses something.
You feel sick. Something hits you.
You are lethally poisoned!
Okay, then.
It was a potion of might.
You feel very mighty all of a sudden.
* * * LOW HITPOINT WARNING * * *
You feel very sick. Something hits you.
* * * LOW HITPOINT WARNING * * *
You are more poisoned.
It was a potion of mutation.
You feel extremely strange.
You feel a little pissed off.
You feel resistant to poisons.
Iridescent scales grow over part of your body.
* * * LOW HITPOINT WARNING * * *
You feel very sick. Something hits you.
* * * LOW HITPOINT WARNING * * *
It was a potion of attraction.
You feel attractive to monsters.
You die...

.........##.
......####.
.....##...#
.....#....##
.....#.....#
.....#.....#
.....###†.########
......##.##.....{#
.......†.# #@#
.......### #.#
.......# .# #.#
.......# .# #$#
....######.# #)#
...........# #.#
.[.........# #.#
...........# #.#
...........# #.#


There were no monsters in sight!

Vanquished Creatures
  Sigmund (D:2)
  An orc wizard (D:2)
  A dart slug (D:3)
  6 orcs
  5 bats
  6 endoplasms
  A giant cockroach (D:2)
  5 goblins
  4 hobgoblins
  2 jackals (D:2)
  6 kobolds
  2 quokkas
  5 ball pythons
  A frilled lizard (D:1)
  23 rats
69 creatures vanquished.

Notes
Turn   | Place    | Note
-------+----------+-------------------------------------------
     0 | D:1      | Delamore the Octopode Brigand began the quest for the Orb.
     0 | D:1      | Reached XP level 1. HP: 14/14 MP: 1/1
     5 | D:1      | Found a faded altar of an unknown god.
    46 | D:1      | Reached XP level 2. HP: 7/19 MP: 2/2
   505 | D:1      | Reached skill level 6 in Stealth
  1367 | D:2      | Noticed Sigmund
  1369 | D:2      | Killed Sigmund
  1370 | D:2      | Reached skill level 8 in Stealth
  1370 | D:2      | Reached XP level 3. HP: 24/24 MP: 3/3
  1370 | D:2      | Reached XP level 4. HP: 29/29 MP: 4/4
  1370 | D:2      | Reached XP level 5. HP: 34/34 MP: 5/5
  1759 | D:2      | Found Quitwion's Jewellery Emporium.
  2795 | D:3      | Found a hazy altar of Hepliaklqana.
  2835 | D:3      | Reached XP level 6. HP: 39/39 MP: 6/6
  2841 | D:3      | Found a radiant altar of Vehumet.
  3244 | D:3      | Gained mutation: You tend to lose your temper in combat.
                  | [potion of mutation]
  3244 | D:3      | Gained mutation: Your system is resistant to poisons.
                  | (rPois) [potion of mutation]
  3244 | D:3      | Gained mutation: You are partially covered in iridescent
                  | scales. (AC +2) [potion of mutation]
  3244 | D:3      | HP: 1/39 [something (2)]
  3245 | D:3      | Succumbed to an orc wizard's poison

Illustrated notes

Levels and vault maps discovered:
D:1:      dpeg_arrival_tiny_h, layout_basic, basic_ecumenical_altar,
          kennysheep_another_room
D:2:      layout_basic, serial_shops, shop, small_statue_intersection,
          grunt_ministairs_12, supply_closet_lemuel, uniq_sigmund
D:3:      layout_basic, nicolae_vehumet_radiance, mainiacjoe_overflow_alcove_1,
          kennysheep_doodads, minmay_rat_hole

Skill      XL: |  1  2 |
---------------+-------+-----
Stealth        | 8 |  8.9
Short Blades   | 3 |  3.8
Fighting       | |  2.0
Throwing       | |  2.0
Dodging        | |  1.0

Action                   |  1- 3 |  4- 6 || total
-------------------------+-------+-------++-------
Melee: Dagger            |    31 |    81 ||   112
       Constrict         |     5 |    18 ||    23
       Tentacles         |     2 |    13 ||    15
Throw: Dart              |       |     6 ||     6
  Use: Scroll            |     2 |     3 ||     5
       Potion            |       |     4 ||     4
 Stab: Sleeping          |     7 |    11 ||    18
Armor: Skin              |       |     6 ||     6
Dodge: Dodged            |    14 |    34 ||    48
